 Dungeon Crawl Stone Soup version 0.26-a0-707-g31817bcca1 (webtiles) character file.

Game seed: 18108772618806774099

17730 Froggeryz the Grappler (level 12, 0/77 HPs)
             Began as a Gargoyle Monk on Oct 26, 2020.
             Was the Champion of Okawaru.
             Slain by an eight-headed hydra (5 damage)
             ... on level 4 of the Lair of Beasts.
             The game lasted 00:29:06 (17234 turns).

Froggeryz the Grappler (Gargoyle Monk)             Turns: 17234, Time: 00:29:06

Health: 0/77       AC: 21    Str: 20    XL:     12   Next: 51%
Magic:  0/12       EV: 11    Int: 14    God:    Okawaru [******]
Gold:   722        SH:  6    Dex: 12    Spells: 11/11 levels left

rFire    + . .     SeeInvis .     - Unarmed
rCold    + + .     Faith    .   p - +0 buckler
rNeg     + + .     Spirit   +   m - +4 ring mail of Eternal Vigilance {Str+3 Slay+3 Stlth-}
rPois    ∞         Reflect  .   J - +0 hat
rElec    +         Harm     .   C - +0 cloak
rCorr    +         Rampage  .   b - +0 pair of gloves
MR       .....                  o - +0 pair of boots
Stlth    ..........             l - amulet of guardian spirit
HPRegen  0.22/turn              k - ring of protection from cold
MPRegen  0.13/turn              B - ring of positive energy

@: resistant
A: negative energy resistance 1, electricity resistance, unbreathing,
petrification resistance, rot immunity, AC +8
a: Heroism, Finesse, Renounce Religion


You were on level 4 of the Lair of Beasts.
You worshipped Okawaru.
Okawaru was exalted by your worship.
You visited 3 branches of the dungeon, and saw 13 of its levels.
You also visited: Sewer and Ossuary.

You collected 722 gold pieces.

Inventory:

Hand Weapons
 y - the +7 whip "Pergh" {vorpal, Str+6}
   (You found it on level 6 of the Dungeon)

   It inflicts extra damage upon your enemies.
   It affects your strength (+6).
Missiles
 i - 16 javelins (quivered)
 j - 30 poisoned darts
 L - 2 curare-tipped darts
 R - 2 throwing nets
Armour
 b - a +0 pair of gloves (worn)
 h - a +0 kite shield
 m - the +4 ring mail of Eternal Vigilance (worn) {Str+3 Slay+3 Stlth-}
   (Okawaru gifted it to you on level 2 of the Lair of Beasts)

   It affects your strength (+3).
   It affects your accuracy and damage with ranged weapons and melee attacks
   (+3).
   It makes you less stealthy.
 o - a +0 pair of boots (worn)
 p - a +0 buckler (worn)
 C - a +0 cloak (worn)
 J - a +0 hat (worn)
Jewellery
 d - an uncursed ring of fire
 k - a ring of protection from cold (left hand)
 l - an amulet of guardian spirit (around neck)
 B - a ring of positive energy (right hand)
 N - an uncursed amulet of the acrobat
Wands
 r - a wand of paralysis (9)
 G - a wand of acid (6)
 Q - a wand of polymorph (8)
 S - a wand of random effects (31)
Scrolls
 f - 6 scrolls of teleportation
 u - 2 scrolls of amnesia
 w - 2 scrolls of identify
 x - 5 scrolls of remove curse
 A - a scroll of fear
 H - 2 scrolls of fog
 I - a scroll of silence
 O - a scroll of magic mapping
 T - a scroll of enchant weapon
Potions
 a - 3 potions of ambrosia
 c - 2 potions of brilliance
 e - 4 potions of curing
 g - 4 potions of degeneration
 n - 6 potions of flight
 q - a potion of invisibility
 s - 7 potions of heal wounds
 t - a potion of resistance
 v - 2 potions of stabbing
 z - 4 potions of mutation
 D - 2 potions of haste
 E - a potion of lignification
 F - 3 potions of cancellation
 P - 2 potions of berserk rage
Miscellaneous
 K - a lightning rod (4/4)
 M - a phantom mirror


   Skills:
 - Level 10.1 Fighting
 - Level 5.2 Throwing
 - Level 1.1 Armour
 - Level 2.4 Dodging
 - Level 2.1 Stealth
 + Level 9.2 Shields
 * Level 14.7 Unarmed Combat


You had 11 spell levels left.
You didn't know any spells.
Your spell library contained the following spells:

 Spells                   Type           Power        Failure   Level
 Corona                   Hex            #......      43%         1
 Ensorcelled Hibernation  Hex/Ice        #.....       58%         2
 Confusing Touch          Hex            #.......     82%         3
 Dazzling Flash           Conj/Hex       #.....       82%         3
 Gell's Gravitas          Tloc           #.........   82%         3
 Tukima's Dance           Hex            #.......     82%         3
 Petrify                  Tmut/Erth      #.......     99%         4
 Metabolic Englaciation   Hex/Ice        #.........   100%        5
 Yara's Violent Unravell  Hex/Tmut       #.........   100%        5


Dungeon Overview and Level Annotations

Branches:
Dungeon (8/15)             Temple (1/1) D:4            Lair (4/6) D:8
  Swamp (0/4) Lair:2        Snake (0/4) Lair:2        Sewer (visited)
Ossuary (visited)

Altars:
Dithmenos
Elyvilon
Gozag
Hepliaklqana
Makhleb
Nemelex Xobeh
Okawaru
Qazlal
Ru
Trog
Vehumet
Wu Jian
Yredelemnul
Zin


Innate Abilities, Weirdness & Mutations

You are resistant to torment.
Your stone body is resilient. (AC +8)
You are immune to poison.
You resist negative energy. (rN+)
You are resistant to electric shocks. (rElec)
You can survive without breathing.
You are immune to petrification.
You are immune to rotting.


Message History

The eight-headed hydra bites you but does no damage. x6
The eight-headed hydra completely misses you.
The eight-headed hydra bites you but does no damage.
You pummel the eight-headed hydra!!
The eight-headed hydra is almost dead.
The eight-headed hydra bites you.
* * * LOW HITPOINT WARNING * * *
The eight-headed hydra barely misses you.
The eight-headed hydra bites you but does no damage.
The eight-headed hydra bites you!
* * * LOW HITPOINT WARNING * * *
The eight-headed hydra bites you but does no damage. x2
The eight-headed hydra bites you!
* * * LOW HITPOINT WARNING * * *
The eight-headed hydra closely misses you.
Unknown command.
You barely miss the eight-headed hydra.
The eight-headed hydra is almost dead.
The eight-headed hydra bites you.
You die...

##.###..[........
#.....#P.........
##P...##.#.......
###..#####.....# ##..#
#....## ##...##
##...#.
#.....#####.....
###......P##......
#@D...............
###.......†...)..<
##(.....†.......
####†.............
#.P...............
..D................#..
...............÷..####
...................##.
......................


You could see an eight-headed hydra.

Vanquished Creatures
  4 hydras
  Nergalle (Lair:2)
  A lindwurm (Lair:4)
  5 elephants (Lair:4)
  An eye of devastation (Lair:2)
  3 komodo dragons
  3 cane toads
  13 blink frogs
  10 yaks
  5 basilisks
  3 vampire mosquitoes (Lair:2)
  Menkaure (D:6)
  3 nagas
  2 wargs (D:8)
  7 water moccasins
  A black bear (D:8)
  A sky beast (D:7)
  5 orc warriors
  2 phantoms
  4 ice beasts
  2 ogres (D:8)
  A centaur (D:7)
  4 wolves
  2 big kobolds
  7 bullfrogs
  A scorpion (D:5)
  An electric eel (Lair:2)
  2 howler monkeys (D:7)
  4 centaur zombies
  A bullfrog zombie (D:5)
  A quasit (D:7)
  2 hounds
  3 orc priests (D:8)
  A human zombie (Ossuary)
  2 jellies (D:8)
  A centaur skeleton (D:8)
  2 iguanas
  Natasha (thrice) (D:2)
  10 orc wizards
  7 worker ants
  2 hell rats (Lair:2)
  A killer bee zombie (D:7)
  A big kobold zombie (Ossuary)
  A hound skeleton (D:5)
  2 mummies (Ossuary)
  A howler monkey zombie (D:8)
  13 adders
  10 river rats
  A white imp (D:5)
  An ooze (D:1)
  8 worms
  4 leopard geckos
  31 orcs
  A ball python (D:1)
  4 giant cockroaches
  7 goblins
  7 hobgoblins
  16 jackals
  10 kobolds
  4 quokkas
  7 bats
  4 frilled lizards (D:1)
  2 goblin zombies (Ossuary)
  A hobgoblin zombie (Ossuary)
  A kobold zombie (Ossuary)
  2 quokka zombies
  12 rats
286 creatures vanquished.

Vanquished Creatures (collateral kills)
  A blink frog (Lair:1)
1 creature vanquished.

Vanquished Creatures (others)
  10 fungi
  12 plants
22 creatures vanquished.

Grand Total: 309 creatures vanquished

Notes
Turn   | Place    | Note
-------+----------+-------------------------------------------
     0 | D:1      | Froggeryz the Gargoyle Monk began the quest for the Orb.
     0 | D:1      | Reached XP level 1. HP: 14/14 MP: 1/1
   144 | D:1      | Reached XP level 2. HP: 18/19 MP: 2/2
   672 | D:1      | Reached skill level 4 in Unarmed Combat
   682 | D:1      | Reached XP level 3. HP: 11/23 MP: 3/3
  1600 | D:2      | Found a stormy altar of Qazlal.
  1878 | D:2      | Reached XP level 4. HP: 23/28 MP: 4/4
  2287 | D:2      | Noticed Natasha
  2306 | D:2      | Killed Natasha
  2306 | D:2      | Reached skill level 5 in Unarmed Combat
  2529 | D:2      | Noticed Natasha
  2546 | D:2      | Killed Natasha
  2546 | D:2      | Reached XP level 5. HP: 19/32 MP: 5/5
  2693 | D:2      | Noticed Natasha
  2723 | D:2      | Killed Natasha
  3290 | D:3      | Found a stormy altar of Qazlal.
  3308 | D:3      | Reached skill level 6 in Unarmed Combat
  3810 | D:4      | Found a burning altar of Makhleb.
  3811 | D:4      | Noticed a cacodemon
  3862 | D:3      | Reached XP level 6. HP: 29/37 MP: 6/6
  3970 | D:4      | Found a staircase to the Ecumenical Temple.
  3986 | Temple   | Entered the Ecumenical Temple
  4237 | Temple   | Became a worshipper of Warmaster Okawaru
  4237 | Temple   | Reached * piety under Okawaru
  4237 | Temple   | Reached ** piety under Okawaru
  4449 | D:4      | Found a sand-covered staircase.
  4456 | Ossuary  | Entered an ossuary
  4548 | Ossuary  | Reached skill level 7 in Unarmed Combat
  4748 | Ossuary  | Reached skill level 1 in Armour
  4838 | Ossuary  | Reached skill level 1 in Shields
  4838 | Ossuary  | Reached XP level 7. HP: 35/41 MP: 5/7
  5206 | D:5      | Entered Level 5 of the Dungeon
  6261 | D:6      | Reached skill level 5 in Shields
  6387 | D:6      | Reached XP level 8. HP: 38/46 MP: 8/8
  6419 | D:6      | Got an encrusted whip
  6506 | D:6      | Reached *** piety under Okawaru
  6587 | D:6      | Found a glowing drain.
  6596 | Sewer    | Entered a sewer
  6722 | Sewer    | Found a white marble altar of Elyvilon.
  7172 | D:6      | Identified the +7 whip "Pergh" {vorpal, Str+6} (You found
                  | it on level 6 of the Dungeon)
  7210 | D:7      | Noticed Menkaure
  7228 | D:6      | Killed Menkaure
  7660 | D:7      | Reached skill level 8 in Unarmed Combat
  8370 | D:7      | Reached skill level 5 in Fighting
  8498 | D:7      | Reached XP level 9. HP: 43/54 MP: 6/9
  8542 | D:7      | Reached **** piety under Okawaru
  9025 | D:7      | Reached skill level 9 in Unarmed Combat
  9950 | D:8      | Reached ***** piety under Okawaru
 10134 | D:8      | Reached skill level 10 in Unarmed Combat
 10206 | D:8      | Reached XP level 10. HP: 65/65 MP: 10/10
 10374 | D:8      | Found a staircase to the Lair.
 10513 | Lair:1   | Entered Level 1 of the Lair of Beasts
 11394 | D:8      | Reached skill level 1 in Throwing
 11696 | Lair:1   | Reached skill level 10 in Fighting
 11946 | D:8      | Reached skill level 11 in Unarmed Combat
 12249 | Lair:1   | Received a gift from Okawaru
 13098 | Lair:2   | Noticed a cane toad
 13114 | Lair:2   | Killed a cane toad
 13114 | Lair:2   | Reached XP level 11. HP: 55/72 MP: 8/11
 13244 | Lair:2   | Found a staircase to the Swamp.
 13246 | Lair:2   | Noticed Nergalle
 13513 | Lair:2   | Reached skill level 12 in Unarmed Combat
 13705 | Lair:2   | Found a staircase to the Snake Pit.
 13970 | Lair:2   | Killed Nergalle
 14163 | Lair:2   | Noticed Harold
 14166 | Lair:2   | Noticed Harold
 14166 | Lair:2   | Harold changed into Harold the eye of devastation
 14211 | Lair:2   | Killed Harold the eye of devastation
 14591 | Lair:2   | Reached ****** piety under Okawaru
 14810 | Lair:2   | Received a gift from Okawaru
 14811 | Lair:2   | Got a steaming ring mail {god gift}
 14822 | Lair:2   | Identified the +4 ring mail of Eternal Vigilance {Str+3
                  | Slay+3 Stlth-} (Okawaru gifted it to you on level 2 of the
                  | Lair of Beasts)
 15138 | Lair:3   | Noticed a four-headed hydra
 15140 | Lair:3   | Noticed a seven-headed hydra
 15154 | Lair:3   | Killed a four-headed hydra
 15154 | Lair:3   | Reached skill level 13 in Unarmed Combat
 15164 | Lair:3   | Killed a seven-headed hydra
 15164 | Lair:3   | Reached skill level 5 in Throwing
 16008 | Lair:3   | Noticed a seven-headed hydra
 16116 | Lair:2   | Reached XP level 12. HP: 32/77 MP: 9/12
 16345 | Lair:3   | Killed a seven-headed hydra
 16812 | Lair:4   | Reached skill level 14 in Unarmed Combat
 16902 | Lair:4   | Noticed a four-headed hydra
 16909 | Lair:4   | Killed a four-headed hydra
 17205 | Lair:4   | Noticed an eight-headed hydra
 17220 | Lair:4   | Received a gift from Okawaru
 17234 | Lair:4   | Slain by an eight-headed hydra

Illustrated notes

Levels and vault maps discovered:
D:1:      minmay_arrival_wavy_path, layout_basic, serial_co_window_serial,
          co_window_corner_a, co_window_paths_a, co_window_corner_a,
          co_window_corner_a, co_window_paths_a, co_window_corner_b,
          co_window_2corner, co_window_of_opportunity_b,
          co_window_of_opportunity_c, co_window_broadway_c, glass_columns_b
D:2:      cheibrodos_helix_gallery, layout_basic, overflow_temple_1_default,
          uniq_natasha
D:3:      layout_rooms, grunt_qazlal_sundering
D:4:      layout_basic, minmay_temple_entry_grid,
          lightli_ossuary_entry_decrepit_ruins, makhleb_altar_promises_db
D:5:      layout_rooms
D:6:      layout_gridville, portal_sewer_entry_d
D:7:      layout_rooms, uniq_menkaure
D:8:      layout_cave_pods, erik_lair_orcish_takeover, hex_large
Temple:   nicolae_temple_figure_eight
Lair:1:   layout_regular_city, chequers_serial_rivers_large_a
Lair:2:   layout_chaotic_city, minmay_swamp_entry_swarm,
          minmay_snake_entry_guardpost_small, serial_bayou_pond_a,
          kennysheep_rathole, infiniplex_staircase_pool, uniq_nergalle,
          uniq_harold
Lair:3:   layout_roguey, grunt_megastairs_5
Lair:4:   layout_cave_shapes, serial_bayou_shore_b

Skill      XL: |  1  2  3  4  5  6  7  8  9 10 11 12 |
---------------+-------------------------------------+-----
Unarmed Combat | 4 5 6 7 8 10 11 13 14 | 14.7
Armour         | 1 |  1.1
Shields        | 1 5 7 9 |  9.2
Fighting       | 5 8 10 | 10.1
Throwing       | 3 5 |  5.2
Dodging        | |  2.4
Stealth        | |  2.1

Action                   |  1- 3 |  4- 6 |  7- 9 | 10-12 || total
-------------------------+-------+-------+-------+-------++-------
Melee: Unarmed           |   184 |   313 |   655 |   572 ||  1724
       Punch             |     3 |     6 |     6 |       ||    15
Throw: Javelin           |       |     2 |       |     8 ||    10
       Dart              |       |    39 |     1 |    38 ||    78
Evoke: Wand              |       |       |     1 |     3 ||     4
       Lightning rod     |       |       |       |     3 ||     3
       Phantom mirror    |       |       |       |     1 ||     1
  Use: Scroll            |       |    12 |     2 |    16 ||    30
       Potion            |       |       |     3 |     2 ||     5
 Stab: Sleeping          |     5 |     2 |       |       ||     7
Armor: Robe              |     4 |       |       |       ||     4
       Leather armour    |    81 |    52 |       |       ||   133
       Ring mail         |       |    42 |   264 |   273 ||   579
Dodge: Dodged            |   156 |   140 |   308 |   287 ||   891
Block: Buckler           |       |       |    85 |   129 ||   214

Table legend: (Time is in decaauts)
 A = Elapsed time spent in this place.
 B = Non-inter-level travel time spent in this place.
 C = Inter-level travel time spent in this place.
 D = Time resting spent in this place.
 E = Time spent auto-exploring this place.
 F = Levels seen in this place.
 G = Mean time per level.
                   A        B        C        D        E       F      G
               +--------+--------+--------+--------+--------+-----+--------+
         Total |  17048 |  16646 |    402 |   4650 |   8175 |  15 | 1136.5 |
       Dungeon |  10631 |  10309 |    322 |   2721 |   5138 |   8 | 1328.9 |
        Temple |    280 |    268 |     12 |      0 |    223 |   1 |  280.0 |
          Lair |   5513 |   5445 |     68 |   1834 |   2554 |   4 | 1378.2 |
         Sewer |    186 |    186 |      0 |      0 |    101 |   1 |  186.0 |
       Ossuary |    437 |    437 |      0 |     94 |    158 |   1 |  437.0 |
               +--------+--------+--------+--------+--------+-----+--------+

Top non-repeatable levels by time:
     D:8: 2289 daAuts
  Lair:2: 1834 daAuts
  Lair:1: 1792 daAuts
     D:7: 1691 daAuts
     D:1: 1590 daAuts
  Lair:3: 1461 daAuts
     D:2: 1370 daAuts
     D:6: 1256 daAuts
     D:5: 929 daAuts
     D:3: 837 daAuts
     D:4: 665 daAuts
 Ossuary: 437 daAuts
  Lair:4: 424 daAuts
  Temple: 280 daAuts
   Sewer: 186 daAuts
